 Dungeon Crawl Stone Soup version 0.21.0 (webtiles) character file.

460201 edsrzf the Sorcerer (level 24, -19/152 HPs)
             Began as a Gargoyle Necromancer on Jan 17, 2018.
             Was an Initiate of Gozag.
             Killed from afar by a fire dragon (41 damage)
             ... with a blast of flame
             ... on level 5 of the Depths.
             The game lasted 03:35:47 (60030 turns).

edsrzf the Sorcerer (Gargoyle Necromancer)         Turns: 60030, Time: 03:35:48

Health: -19/152    AC: 49    Str: 21    XL:     24   Next: 47%
Magic:  37/48      EV: 19    Int: 30    God:    Gozag
Gold:   9744       SH: 17    Dex: 12    Spells: 41/65 levels left

rFire    . . .     SeeInvis +   a - +9 eveningstar (elec)
rCold    . . .     Gourm    .   g - +2 shield
rNeg     + . .     Faith    .   J - quicksilver dragon scales
rPois    ∞         Spirit   .   m - +2 helmet
rElec    +         Reflect  .   E - +2 cloak {rPois}
rCorr    .         Harm     .   d - +2 pair of gloves {Str+3}
MR       ++...                  W - +2 pair of boots
Stlth    +.........             G - amulet of Relativism {+Rage Int+4}
HPRegen  0.75/turn              V - +4 ring of intelligence
MPRegen  0.31/turn              x - +6 ring of evasion

@: studying Shields
A: big wings, icy blue scales 1, see invisible, agile 1, negative energy
resistance 1, regeneration 1, electricity resistance, unbreathing, evolution 1,
petrification resistance, rot immunity, AC +18
}: 2/15 runes: decaying, serpentine
a: Fly, Potion Petition, Call Merchant, Bribe Branch, Renounce Religion, Evoke
Berserk Rage


You were on level 5 of the Depths.
You worshipped Gozag.
Gozag was greatly pleased with you.
You were not hungry.

You visited 8 branches of the dungeon, and saw 43 of its levels.
You visited 1 bazaar.
You also visited: Labyrinth, Sewer and Ice Cave.

You collected 25016 gold pieces.
You spent 4653 gold pieces at shops.
You paid 10619 gold pieces to Gozag.

Inventory:

Hand Weapons
 a - a +9 eveningstar of electrocution (weapon)
Armour
 d - a +2 pair of gloves of strength (worn)
 g - a +2 shield (worn)
 m - a +2 helmet (worn)
 E - a +2 cloak of poison resistance (worn)
 J - quicksilver dragon scales (worn)
 W - a +2 pair of boots (worn)
Jewellery
 f - a +3 ring of protection
 h - an uncursed ring of protection from magic
 x - a +6 ring of evasion (right hand)
 A - an uncursed ring of positive energy
 D - an uncursed ring of protection from cold
 G - the amulet of Relativism (around neck) {+Rage Int+4}
   (You found it in a labyrinth)

   [amulet of rage]

   It affects your intelligence (+4).
   It lets you go berserk.
 S - an uncursed ring of protection from cold
 V - a +4 ring of intelligence (left hand)
 Z - an uncursed ring of fire
Wands
 l - a wand of scattershot (3)
 y - a wand of digging (35)
 F - a wand of paralysis (59)
 H - a wand of enslavement (8)
 I - a wand of flame (74)
 L - a wand of clouds (4)
 N - a wand of acid (8)
 R - a wand of iceblast (12)
 U - a wand of disintegration (85)
Scrolls
 b - 2 scrolls of silence {!r}
 e - 18 scrolls of remove curse {@r2}
 k - 12 scrolls of amnesia
 n - 2 scrolls of holy word
 o - 9 scrolls of identify {@r1}
 t - 11 scrolls of teleportation {@r3}
 u - 6 scrolls of fog
 B - 2 scrolls of brand weapon
 C - 3 scrolls of fear
 K - a scroll of magic mapping
 M - a scroll of blinking
 Q - 4 scrolls of summoning
Potions
 i - 10 potions of brilliance
 p - 5 potions of agility
 q - 2 potions of might
 s - 2 potions of magic
 v - 14 potions of curing
 w - 2 potions of resistance
 z - a potion of invisibility
 O - 4 potions of haste
Books
 j - a book of Necromancy
 r - a book of the Tempests
 T - a manual of Shields {!d}
 X - a book of Power
 Y - the Volume of the Jabberwock
   (You found it on level 6 of the Lair of Beasts)

   Spells                             Type                      Level
   a - Corpse Rot                     Necromancy                   2
   b - Ozocubu's Armour               Charms/Ice                   3
   c - Throw Icicle                   Conjuration/Ice              4
   d - Death Channel                  Necromancy                   6
Miscellaneous
 P - 3 boxes of beasts
Comestibles
 c - 16 rations


   Skills:
 - Level 15.7 Fighting
 - Level 16.8 Maces & Flails
 - Level 13.0 Armour
 - Level 4.0 Dodging
 - Level 2.1 Stealth
 + Level 19.7 Shields
 - Level 21.0 Spellcasting
 - Level 13.2 Conjurations
 - Level 3.2 Necromancy
 - Level 8.0 Fire Magic
 - Level 14.2 Earth Magic
 - Level 4.1 Evocations


You had 41 spell levels left.
You knew the following spells:

 Your Spells              Type           Power        Failure   Level  Hunger
a - Stone Arrow           Conj/Erth      ######       1%          3    None
c - Pain                  Necr           ####         1%          1    None
f - Conjure Flame         Conj/Fire      #######.     1%          3    None
p - Passwall              Tmut/Erth      ######....   1%          2    None
t - Sticky Flame          Conj/Fire      #######.     1%          4    None
A - Iron Shot             Conj/Erth      #######...   1%          6    None
M - Bolt of Magma         Conj/Fire/Erth #######...   1%          5    None


Dungeon Overview and Level Annotations

Branches:
Dungeon (15/15)            Temple (0/1) D:7            Lair (6/6) D:8
  Swamp (4/4) Lair:4        Snake (4/4) Lair:3        Slime (0/5) Lair:6
    Orc (2/2) D:10            Elf (3/3) Orc:2        Vaults (4/5) D:14
  Crypt (0/3) Vaults:3     Depths (5/5) D:15            Zot (0/5) Depths:5

Altars:
Ashenzari
Fedhas
Gozag
Hepliaklqana
Makhleb
Qazlal
Ru
Trog
Uskayaw
Xom
Beogh

Shops:
D:8 (([(([   D:10 (   D:13 (   D:15 *[   Orc:2 *([[*   Elf:2 ?   Vaults:1 =
Depths:3 (**

Portals:
Hell: Depths:1 Depths:2 Depths:3 Depths:4
Abyss: Depths:1 Depths:4
Pandemonium: Depths:3
Ziggurat: Depths:2
Trove: Elf:2 (give +7 demon whip)

Annotations:
D:3 crub's ghost, amateur HOFi
D:10 Kave's ghost, journeyman TrTm
Elf:2 2 runed doors
Depths:1 exclusions: door and 1 more exclusion


Innate Abilities, Weirdness & Mutations

You are resistant to torment.
Your stone body is resilient. (AC +18)
You are immune to poison.
Your large and strong wings let you fly indefinitely.
You resist negative energy. (rN+)
You are resistant to electric shocks. (rElec)
You can survive without breathing.
You are immune to petrification.
You are immune to rotting.
You are partially covered in icy blue scales. (AC +2)
You have supernaturally acute eyesight. (SInv)
You are agile. (Dex +2)
Your natural rate of healing is unusually fast.
You evolve.


Message History

A fire dragon comes into view.
The fire dragon is distracted by the nearby gold.
The fire dragon roars deafeningly!
You hear a roar!
You hear a deafening roar!
Things that are here:
6 gold pieces; a halberd
Casting: Iron Shot
Confirm with . or Enter, or press ? or * to list all spells.
You can't see any susceptible monsters within range! (Use Z to cast anyway.) Unknown command.
The fire dragon is no longer distracted by gold.
You block the fire dragon's attack. The fire dragon misses you. x2
You impale the fire dragon!!
The fire dragon is moderately wounded.
You hit the fire dragon but do no damage.
The fire dragon is moderately wounded.
The fire dragon misses you. You block the fire dragon's attack.
The fire dragon completely misses you.
An ice dragon comes into view.
You closely miss the fire dragon.
The fire dragon is moderately wounded.
You block the fire dragon's attack. x2
The fire dragon tramples you but does no damage.
You hit the fire dragon.
Lightning courses through the fire dragon!
The fire dragon is heavily wounded.
You puncture the fire dragon!
Lightning courses through the fire dragon!
The fire dragon is severely wounded.
You block the fire dragon's attack.
The fire dragon claws you but does no damage.
The fire dragon tramples you but does no damage.
You puncture the fire dragon!
The fire dragon is almost dead.
The fire dragon breathes flames at you. The blast of flame hits you!
A green draconian comes into view. It is wielding a long sword.
The green draconian roars!
You hear a deafening roar!
You hear a roar! x2
You hear a loud, deep croak!
You stick the fire dragon like a pincushion!!!
You kill the fire dragon!
A red draconian stormcaller comes into view.
It is wielding a short sword of flaming.
The red draconian stormcaller roars!
The ice dragon breathes frost at you. The blast of cold misses you.
The green draconian breathes poison at you.
You hear a roar!
Found a gate to the Realm of Zot.
You see here 24 gold pieces.
A fire dragon comes into view.
The fire dragon roars deafeningly!
The ice dragon breathes frost at you. The blast of cold hits you!
The green draconian breathes poison at you.
The blast of poison engulfs you! You resist.
A fire crab comes into view.
You hit the green draconian.
The green draconian is lightly wounded.
You block the green draconian's attack.
The green draconian tail-slaps you but does no damage.
The ice dragon breathes frost at you. The blast of cold misses you.
A yellow draconian comes into view. It is wielding a glaive.
The fire dragon breathes flames at you. The blast of flame hits you!
Found a scroll of remove curse.
You sock the green draconian!
Lightning courses through the green draconian!
The green draconian is moderately wounded.
You block the ice dragon's attack. The ice dragon barely misses you.
The ice dragon tramples you but does no damage.
You closely miss the green draconian.
The green draconian is moderately wounded.
The fire crab changes into a manticore!
You block the green draconian's attack. The green draconian barely misses you.
You puncture the green draconian!
The green draconian is moderately wounded.
You block the ice dragon's attack. The ice dragon closely misses you.
The ice dragon tramples you but does no damage.
The fire dragon bites you but does no damage.
The fire dragon claws you but does no damage.
The fire dragon closely misses you.
A purple draconian annihilator comes into view.
It is wielding an enchanted long sword.
You thump the green draconian!
The green draconian is heavily wounded.
The green draconian breathes poison at you.
The blast of poison engulfs you! You resist.
You block the ice dragon's attack. x2
The ice dragon closely misses you.
Unknown command.
You block the ice dragon's attack. x2; The ice dragon closely misses you.
The fire dragon breathes flames at you. The blast of flame hits you!
The ice dragon breathes frost at you. The blast of cold hits you!
* * * LOW HITPOINT WARNING * * *
The green draconian breathes poison at you.
The blast of poison engulfs you! You resist.
The fire dragon breathes flames at you. The blast of flame hits you!
You die...
Your body crumbles into a pile of gold.

........#########.###..?#.....
........(.......#.............
......).......###.....#........
..!..)........# #..............
..............# #...#...... ...
..............# #...§..§.# ...#
..............###§#§§.§..#.....
................#§§§§§..q......
...<............@§§DddH.....∩..
..##............#§§D§$.§.......
..##....#########§#§.$...#.....
..##....# #........# ...#
...#....# #...#..........
........# #..............
..#.....# #.$...#...... . ...
....# #............ ...
#.###...#....


You could see a yellow draconian, a green draconian, a fire dragon, an ice
dragon and a manticore shaped shifter.

Vanquished Creatures
  A juggernaut (Depths:5)
  Boris (Vaults:2)
  Saint Roka (Vaults:2)
  3 golden dragons
  Jorgrun (Depths:1)
  Rupert (D:12)
  A tentacled monstrosity (Depths:4)
  A lich (Depths:5)
  2 deep elf blademasters (Elf:3)
  2 deep elf master archers (Elf:3)
  A titan (Depths:1)
  2 quicksilver dragons
  A thorn hunter (Swamp:4)
  Agnes (Snake:1)
  The ghost of MatthieuS the Grappler, an adept TrTm of Cheibriados (Snake:3)
  4 sphinxes
  8 nagarajas
  Donald (Snake:1)
  2 tengu reavers
  11 vault wardens
  5 deep elf sorcerers
  16 frost giants
  7 fire giants
  Aizul (Snake:3)
  An orc warlord (Orc:1)
  2 deep elf elementalists (Elf:3)
  29 very ugly things
  18 ironheart preservers
  21 stone giants
  A spriggan defender (Depths:4)
  2 vampire knights (Vaults:3)
  5 entropy weavers
  Nessos (D:15)
  6 deep elf demonologists
  A purple draconian (Depths:5)
  Azrael (Snake:1)
  7 deep elf annihilators
  6 deep elf death magi
  7 spark wasps
  A dire elephant (Lair:6)
  4 deep elf high priests
  4 ettins
  2 blizzard demons (IceCv)
  4 fire dragons
  A minotaur (Lab)
  A jiangshi (Vaults:3)
  Erolcha (D:10)
  The ghost of slAvIk159 the Cleaver, a journeyman MiGl of Okawaru (Lair:2)
  3 vault guards
  10 yaktaur captains
  Fannar (Lair:2)
  Harold (D:10)
  17 naga warriors
  6 ice dragons
  3 rakshasas
  The ghost of Ahrinia the Fighter, a journeyman DsBe of Trog (Orc:1)
  4 great orbs of eyes
  18 hydras
  2 spriggan air magi
  2 catoblepae (Lair:6)
  3 ghost crabs
  6 anacondas
  43 two-headed ogres
  10 centaur warriors
  13 ogre magi
  3 alligators
  8 death yaks (Lair:6)
  4 deep troll earth magi
  10 orc high priests
  6 tengu warriors
  Urug (D:10)
  7 deep troll shamans
  A spriggan berserker (Depths:4)
  2 vampire magi (Depths:2)
  Nergalle (Lair:2)
  11 hell knights
  15 naga sharpshooters
  5 shock serpents
  5 iron trolls
  18 deep elf knights
  2 fire crabs (shapeshifter)
  2 salamander mystics
  A spriggan druid (Swamp:4)
  4 skeletal warriors (Vaults:2)
  2 flayed ghosts
  4 naga ritualists
  22 deep trolls
  An unseen horror (D:13)
  3 swamp dragons
  2 shambling mangroves
  A storm dragon skeleton (Vaults:4)
  16 deep elf archers
  4 glowing orange brains
  8 wizards
  3 wolf spiders
  10 mana vipers
  A harpy (Vaults:4)
  5 necromancers
  5 orc sorcerers
  14 ironbrand convokers
  10 orc knights
  63 ugly things
  47 deep elf magi
  A cyclops (D:15)
  A manticore (shapeshifter) (D:13)
  18 salamanders
  4 elephants (Lair:6)
  2 manticores
  4 ice statues
  26 black mambas
  A centaur zombie (D:11)
  13 vault sentinels
  Joseph (D:10)
  A guardian serpent (shapeshifter) (Elf:1)
  15 naga magi
  2 human skeletons
  8 guardian serpents
  17 spiny frogs
  2 rime drakes
  2 gargoyles
  A spiny frog (shapeshifter) (Depths:2)
  6 freezing wraiths
  The ghost of Ahrinia the Destroyer, a novice DrCj (D:6)
  A komodo dragon (shapeshifter) (Vaults:2)
  2 yaktaur zombies (Vaults:2)
  50 yaktaurs
  3 anaconda simulacra (IceCv)
  11 ice devils (IceCv)
  5 komodo dragons
  6 tengu conjurers
  11 trolls
  6 tyrant leeches
  19 hornets
  A wind drake (shapeshifter) (Vaults:4)
  A hornet (shapeshifter) (Vaults:3)
  2 polar bears (Lair:6)
  A blink frog (shapeshifter) (Elf:1)
  4 hippogriffs
  11 dream sheep (Lair:6)
  22 slime creatures
  22 blink frogs
  4 bog bodies
  A raiju (shapeshifter) (Elf:3)
  2 human simulacra
  5 shadows
  11 air elementals
  9 spriggans
  4 redbacks
  An ettin skeleton (Vaults:4)
  A tarantella (shapeshifter) (Depths:5)
  4 water elementals
  A wraith (D:15)
  2 wyverns
  33 yaks
  2 tarantellas
  2 basilisks
  4 swamp worm simulacra (Swamp:4)
  5 fire elementals
  A steam dragon (shapeshifter) (Vaults:3)
  15 vampire mosquitoes
  A steam dragon (D:8)
  2 hungry ghosts
  16 insubstantial wisps
  10 wargs
  A harpy simulacrum (IceCv)
  66 nagas
  An iron troll simulacrum (IceCv)
  2 acid dragons
  16 water moccasins
  17 swamp worms
  18 hydra simulacra
  5 hell hounds
  9 porcupines
  A swamp drake (shapeshifter) (Vaults:4)
  25 orc warriors
  2 sky beasts
  A hornet zombie (D:15)
  14 swamp drakes
  5 phantoms
  A black bear (shapeshifter) (Elf:3)
  2 black bears
  7 ice beasts
  9 wolves
  A necrophage (D:9)
  39 ogres
  16 centaurs
  3 boggarts (Depths:4)
  An elf skeleton (Vaults:4)
  7 crocodiles
  5 big kobolds
  17 bullfrogs
  2 earth elementals
  2 gnoll sergeants
  A wyvern skeleton (D:12)
  4 scorpions
  18 killer bees
  5 wights (D:9)
  4 electric eels
  3 howler monkeys
  4 crimson imps
  6 hounds
  A bullfrog zombie (D:12)
  3 jellies
  A quasit (Depths:3)
  45 orc priests
  4 bullfrog skeletons
  5 centaur skeletons
  4 iguanas
  A merfolk siren (Sewer)
  25 orc wizards
  7 worker ants
  A merfolk avatar (Sewer)
  A hound skeleton (D:6)
  3 worker ant zombies
  5 adders
  8 gnolls
  A howler monkey skeleton (D:7)
  3 river rats
  4 shadow imps
  4 oozes
  3 swamp drake simulacra (Swamp:4)
  An adder zombie (D:8)
  An adder skeleton (D:3)
  3 worms
  A leopard gecko (shapeshifter) (Vaults:4)
  8 leopard geckos
  116 orcs
  A bat (D:2)
  8 giant cockroaches
  7 hobgoblins
  11 jackals
  2 quokkas
  6 ball pythons
  9 frilled lizards
  13 goblins
  27 kobolds
  25 rats
1820 creatures vanquished.

Vanquished Creatures (others)
  A fire giant (Depths:1)
  15 dancing weapons
  An ogre mage (Vaults:4)
  A necromancer (Depths:3)
  A black mamba (Snake:4)
  A hornet (Swamp:1)
  A swamp worm simulacrum (Swamp:4)
  A naga (Snake:1)
  A swamp drake (Swamp:3)
  A centaur (D:8)
  An ogre (Vaults:4)
  An adder (D:10)
  An orc (Orc:2)
  2 bushes (Lair:6)
  21 fungi
  18 plants
68 creatures vanquished.

Grand Total: 1888 creatures vanquished

Notes
Turn   | Place    | Note
-------+----------+-------------------------------------------
     0 | D:1      | edsrzf the Gargoyle Necromancer began the quest for the Orb.
     0 | D:1      | Reached XP level 1. HP: 10/10 MP: 3/3
   474 | D:1      | Reached skill level 1 in Fighting
   605 | D:1      | Reached XP level 2. HP: 15/17 MP: 0/5
   716 | D:1      | Reached skill level 2 in Fighting
  1117 | D:1      | Reached skill level 1 in Maces & Flails
  1290 | D:1      | Reached XP level 3. HP: 18/22 MP: 1/6
  1765 | D:2      | Found a hide-covered altar of Uskayaw.
  1770 | D:2      | Noticed a dagger
  1770 | D:2      | Noticed a dagger
  1893 | D:2      | Reached skill level 2 in Maces & Flails
  2128 | D:2      | Reached XP level 4. HP: 18/27 MP: 4/7
  2582 | D:3      | Reached skill level 3 in Fighting
  2599 | D:3      | Noticed crub's ghost (amateur HOFi)
  2953 | D:3      | Found an opulent altar of Gozag.
  3006 | D:3      | Became a worshipper of Gozag Ym Sagoz the Greedy
  3315 | D:3      | Identified 2 scrolls of remove curse
  3455 | D:3      | Noticed a bullfrog
  3578 | D:4      | Reached skill level 3 in Maces & Flails
  3578 | D:4      | Reached XP level 5. HP: 32/32 MP: 8/8
  3653 | D:4      | Found a glowing drain.
  3734 | Sewer    | Entered a sewer
  4290 | Sewer    | Reached XP level 6. HP: 38/38 MP: 7/9
  4339 | Sewer    | Reached skill level 4 in Maces & Flails
  4571 | D:4      | Reached skill level 4 in Fighting
  5028 | D:4      | Reached skill level 3 in Spellcasting
  5055 | D:5      | Entered Level 5 of the Dungeon
  5059 | D:5      | Noticed an ice beast
  5307 | D:5      | Found a bloodstained altar of Trog.
  5368 | D:5      | Reached XP level 7. HP: 41/43 MP: 11/11
  5553 | D:5      | Reached skill level 5 in Maces & Flails
  6480 | D:6      | Noticed Ahrinia's ghost (novice DrCj)
  6518 | D:6      | Found a shimmering altar of Xom.
  6533 | D:6      | Reached skill level 5 in Fighting
  6626 | D:6      | Reached skill level 6 in Maces & Flails
  6626 | D:6      | Reached XP level 8. HP: 43/49 MP: 13/13
  6800 | D:6      | Identified 5 potions of lignification
  6835 | D:6      | Killed Ahrinia's ghost
  6835 | D:6      | Reached skill level 6 in Fighting
  6835 | D:6      | Reached skill level 7 in Maces & Flails
  7363 | D:6      | Reached skill level 8 in Maces & Flails
  7366 | D:6      | Identified 3 scrolls of identify
  7366 | D:6      | Identified 2 potions of heal wounds
  7367 | D:6      | Identified 2 potions of mutation
  7368 | D:6      | Identified 3 potions of curing
  7929 | D:6      | Found a burning altar of Makhleb.
  7954 | D:6      | Reached XP level 9. HP: 56/56 MP: 14/14
  8125 | D:7      | Reached skill level 7 in Fighting
  8125 | D:7      | Reached skill level 1 in Armour
  8283 | D:7      | Got a steaming short sword
  8284 | D:7      | Identified the cursed +0 short sword of Responsibility {venom, rF+} (You found it on level 7 of the Dungeon)
  8296 | D:7      | Identified a potion of agility
  8297 | D:7      | Identified 2 potions of might
  8298 | D:7      | Identified 2 potions of resistance
  8331 | D:7      | Reached skill level 9 in Maces & Flails
  8346 | D:7      | Reached skill level 2 in Armour
  8472 | D:7      | Found a staircase to the Ecumenical Temple.
  8475 | D:7      | Noticed a hornet
  8586 | D:7      | Got a warped robe
  8597 | D:7      | Identified the +0 robe of the Crypt {-Tele rN+ Slay+3} (You found it on level 7 of the Dungeon)
  8633 | D:7      | Reached skill level 3 in Armour
  8644 | D:7      | Identified 2 potions of ambrosia
  8661 | D:7      | Noticed a cyan ugly thing
  8748 | D:7      | Killed a cyan ugly thing
  8748 | D:7      | Reached skill level 8 in Fighting
  8748 | D:7      | Reached skill level 10 in Maces & Flails
  8800 | D:7      | Reached skill level 4 in Armour
  8824 | D:7      | Reached XP level 10. HP: 48/64 MP: 15/15
  8997 | D:7      | Found a sacrificial altar of Ru.
  9244 | D:7      | Identified 2 scrolls of amnesia
  9356 | D:8      | Found a staircase to the Lair.
  9562 | D:8      | Noticed a two-headed ogre
  9902 | D:8      | Reached skill level 5 in Armour
 10205 | D:8      | Reached skill level 11 in Maces & Flails
 10222 | D:8      | Found a shattered altar of Ashenzari.
 10249 | D:8      | Killed a two-headed ogre
 10249 | D:8      | Reached skill level 9 in Fighting
 10688 | D:9      | Reached skill level 6 in Armour
 10984 | D:9      | Reached XP level 11. HP: 71/71 MP: 16/16
 11367 | D:9      | Found a blossoming altar of Fedhas.
 11370 | D:9      | Found a stormy altar of Qazlal.
 11509 | D:9      | Reached skill level 12 in Maces & Flails
 11622 | D:10     | Entered Level 10 of the Dungeon
 11842 | D:10     | Noticed Kave's ghost (journeyman TrTm)
 12142 | D:10     | Noticed Joseph
 12171 | D:10     | Killed Joseph
 12171 | D:10     | Reached skill level 10 in Fighting
 12171 | D:10     | Reached skill level 7 in Armour
 12268 | D:10     | Noticed a two-headed ogre
 12294 | D:10     | Noticed an orc knight
 12304 | D:10     | Killed a two-headed ogre
 12337 | D:10     | Killed an orc knight
 12409 | D:10     | Noticed Urug
 12430 | D:10     | Killed Urug
 12431 | D:10     | Noticed an orc knight
 12434 | D:10     | Noticed an enchanted triple sword
 12456 | D:10     | Killed an orc knight
 12633 | D:10     | Noticed a manticore
 12681 | D:10     | Noticed Harold
 12702 | D:10     | Killed Harold
 12880 | D:10     | Noticed Erolcha
 13157 | D:11     | Reached skill level 13 in Maces & Flails
 13251 | D:11     | Reached skill level 8 in Armour
 13512 | D:10     | Killed Erolcha
 13651 | D:10     | Found a staircase to the Orcish Mines.
 13682 | D:10     | Reached XP level 12. HP: 52/79 MP: 17/17
 13940 | Lair:1   | Entered Level 1 of the Lair of Beasts
 14129 | Lair:1   | Reached skill level 11 in Fighting
 14131 | Lair:1   | Noticed a six-headed hydra
 14146 | Lair:2   | Identified a potion of haste
 14299 | Lair:2   | Noticed Nergalle
 14328 | Lair:2   | Killed Nergalle
 14616 | Lair:1   | Noticed Sonja
 14617 | Lair:1   | Sonja changed into something unseen
 14618 | Lair:1   | Noticed Sonja
 14628 | Lair:1   | Killed Sonja the rime drake
 14838 | Lair:1   | Reached skill level 9 in Armour
 14941 | Lair:1   | Reached skill level 14 in Maces & Flails
 15001 | Lair:1   | Reached skill level 2 in Dodging
 15296 | D:8      | Bought a fine morningstar for 261 gold pieces
 15296 | D:8      | Identified the cursed +1 morningstar "Qiemuc" {crush, -Tele rPois rF+ rC+} (You bought it in a shop on level 8 of the Dungeon)
 15301 | D:8      | Bought a shimmering morningstar for 261 gold pieces
 15301 | D:8      | Identified the cursed +1 morningstar "Roypnuil" {drain, rPois} (You bought it in a shop on level 8 of the Dungeon)
 15378 | Lair:2   | Noticed slAvIk159's ghost (journeyman MiGl)
 15433 | Lair:2   | Killed slAvIk159's ghost
 15608 | Lair:2   | Noticed Fannar
 15641 | Lair:2   | Killed Fannar
 16205 | Lair:3   | Identified 2 scrolls of enchant armour
 16206 | Lair:3   | Identified a scroll of immolation
 16207 | Lair:3   | Identified a scroll of fog
 16208 | Lair:3   | Identified a scroll of fear
 16209 | Lair:3   | Identified a scroll of magic mapping
 16213 | Lair:3   | Found a labyrinth entrance.
 16245 | Lab      | Entered a labyrinth
 16499 | Lab      | Noticed a minotaur
 16509 | Lab      | Killed a minotaur
 16509 | Lab      | Reached skill level 3 in Dodging
 16543 | Lab      | Got a wavering copper amulet
 16545 | Lab      | Identified the amulet of Relativism {+Rage Int+4} (You found it in a labyrinth)
 16589 | Lair:3   | Found a staircase to the Snake Pit.
 16834 | Lair:3   | Identified a potion of brilliance
 17479 | Lair:4   | Reached skill level 12 in Fighting
 17581 | Lair:4   | Identified a scroll of blinking
 17635 | Lair:4   | Reached XP level 13. HP: 86/86 MP: 18/18
 17809 | Lair:4   | Identified a scroll of brand weapon
 18094 | Lair:4   | Found a staircase to the Swamp.
 18158 | Lair:4   | Reached skill level 4 in Dodging
 18245 | Lair:4   | Reached skill level 15 in Maces & Flails
 19698 | Lair:6   | Entered Level 6 of the Lair of Beasts
 20053 | Lair:6   | Found a hazy altar of Hepliaklqana.
 20093 | Lair:6   | Reached skill level 10 in Armour
 20150 | Lair:6   | Reached skill level 1 in Evocations
 20319 | Lair:6   | Reached skill level 16 in Maces & Flails
 20356 | Lair:6   | Reached skill level 13 in Fighting
 20369 | Lair:6   | Reached skill level 2 in Evocations
 20449 | Lair:6   | Gained mutation: Your large and strong wings let you fly indefinitely. [Gargoyle growth]
 20449 | Lair:6   | Reached XP level 14. HP: 94/94 MP: 19/19
 20490 | Lair:6   | Reached skill level 3 in Evocations
 20563 | Lair:6   | Identified a potion of magic
 20826 | Lair:6   | Noticed a dire elephant
 20851 | Lair:6   | Killed a dire elephant
 20851 | Lair:6   | Reached skill level 4 in Evocations
 20963 | Lair:6   | Identified the Volume of the Jabberwock
 20965 | Lair:6   | Identified a scroll of vulnerability
 20974 | Lair:6   | Identified a scroll of enchant weapon
 21147 | Lair:6   | Gained mutation: You have supernaturally acute eyesight. (SInv) [potion of mutation]
 21147 | Lair:6   | Gained mutation: You have a pair of small antennae on your head. [potion of mutation]
 21147 | Lair:6   | Gained mutation: You evolve. [potion of mutation]
 21164 | Lair:6   | Found a staircase to the Slime Pits.
 21637 | D:10     | Gained mutation: You have sharp toenails. [evolution]
 21654 | Orc:1    | Entered Level 1 of the Orcish Mines
 21654 | Orc:1    | Found a roughly hewn altar of Beogh.
 21740 | Orc:1    | Learned a level 3 spell: Stone Arrow
 21856 | Orc:1    | Noticed Ahrinia's ghost (journeyman DsBe)
 21898 | Orc:1    | Killed Ahrinia's ghost
 21898 | Orc:1    | Reached skill level 1 in Conjurations
 21898 | Orc:1    | Reached skill level 1 in Earth Magic
 22415 | Orc:2    | Entered Level 2 of the Orcish Mines
 22448 | Orc:2    | Found Aplit's Armour Shop.
 22528 | Orc:2    | Reached skill level 4 in Spellcasting
 22528 | Orc:2    | Reached skill level 2 in Conjurations
 22528 | Orc:2    | Reached skill level 2 in Earth Magic
 22886 | Orc:2    | Found Pucvoudi's Assorted Antiques.
 22886 | Orc:2    | Found Ohoess's Antique Weapon Shoppe.
 22906 | Orc:2    | Noticed an orc warlord
 22922 | Orc:2    | Reached skill level 3 in Earth Magic
 22931 | Orc:2    | Reached skill level 3 in Conjurations
 23181 | Orc:1    | Killed an orc warlord
 23310 | Orc:2    | Reached skill level 4 in Earth Magic
 24023 | Orc:2    | Reached skill level 5 in Spellcasting
 24023 | Orc:2    | Reached skill level 4 in Conjurations
 24069 | Orc:2    | Found a roughly hewn altar of Beogh.
 24085 | Orc:2    | Found Lischieq's Armour Shop.
 24085 | Orc:2    | Found Iwkenk's Assorted Antiques.
 24417 | Orc:2    | Found a staircase to the Elven Halls.
 24560 | Orc:2    | Bought a bubbling black potion for 27 gold pieces
 24815 | Orc:2    | Bought an encrusted bronze ring for 105 gold pieces
 25090 | D:10     | Reached skill level 5 in Earth Magic
 25122 | D:11     | You fall through a shaft!
 25414 | D:12     | Noticed Rupert
 25424 | D:12     | Killed Rupert
 25424 | D:12     | Reached skill level 5 in Conjurations
 25424 | D:12     | Reached XP level 15. HP: 99/99 MP: 23/23
 25649 | D:12     | Reached skill level 6 in Earth Magic
 25689 | D:12     | Reached skill level 6 in Spellcasting
 25944 | D:13     | Reached skill level 6 in Conjurations
 26372 | D:13     | Found Ylufoh's Antique Weapon Shop.
 26375 | D:13     | Bought a glowing eveningstar for 684 gold pieces
 26441 | D:14     | Identified a scroll of silence
 26572 | D:14     | Reached skill level 7 in Earth Magic
 26584 | D:14     | Identified a scroll of random uselessness
 26685 | D:14     | Found a gate to the Vaults.
 26831 | D:14     | Found a stormy altar of Qazlal.
 27157 | D:15     | Entered Level 15 of the Dungeon
 27377 | D:15     | Identified a scroll of summoning
 27464 | D:15     | Gained mutation: You are partially covered in icy blue scales. (AC +2) [evolution]
 27539 | D:15     | Reached skill level 7 in Conjurations
 27546 | D:15     | Reached skill level 7 in Spellcasting
 27878 | D:15     | Found a staircase to the Depths.
 28012 | D:15     | Noticed Nessos
 28021 | D:15     | Reached skill level 8 in Earth Magic
 28024 | D:15     | Killed Nessos
 28239 | Orc:2    | Bought a runed shield for 232 gold pieces
 28239 | Orc:2    | Bought a scroll of enchant weapon for 232 gold pieces
 28299 | Elf:1    | Entered Level 1 of the Elven Halls
 28307 | Elf:1    | Reached skill level 1 in Shields
 28316 | Elf:1    | Reached skill level 2 in Shields
 28329 | Elf:1    | Noticed a deep elf sorcerer
 28341 | Orc:2    | Reached skill level 3 in Shields
 28479 | Elf:1    | Reached skill level 4 in Shields
 28497 | Elf:1    | Killed a deep elf sorcerer
 28497 | Elf:1    | Reached skill level 5 in Shields
 28795 | Elf:1    | Reached skill level 6 in Shields
 29152 | Elf:1    | Reached skill level 7 in Shields
 29308 | Elf:1    | Reached XP level 16. HP: 63/104 MP: 26/26
 29314 | Elf:1    | Reached skill level 8 in Shields
 29551 | Elf:1    | Noticed an Ice Fiend
 29556 | Elf:1    | HP: 4/104 [Ice Fiend/bolt of cold[a deep elf demonologist] (42)]
 29566 | Elf:1    | Lost mutation: You have a pair of small antennae on your head. [evolution]
 29628 | Orc:2    | Bought a glowing helmet for 157 gold pieces
 30042 | Swamp:1  | Entered Level 1 of the Swamp
 30086 | Swamp:1  | Reached skill level 9 in Shields
 30232 | Swamp:1  | Identified a potion of invisibility
 30618 | Swamp:1  | Reached skill level 10 in Shields
 31410 | Swamp:2  | Reached skill level 11 in Shields
 31851 | Swamp:3  | Identified the amulet "Xannosche" {Inacc Fragile MP+9 Str+4 Int+6} (You found it on level 3 of the Swamp)
 31883 | Swamp:3  | Reached skill level 12 in Shields
 32208 | Swamp:3  | Found an opulent altar of Gozag.
 32361 | Swamp:4  | Entered Level 4 of the Swamp
 32361 | Swamp:4  | Noticed a thorn hunter
 32371 | Swamp:4  | Killed a thorn hunter
 32700 | Swamp:4  | Reached skill level 13 in Shields
 33069 | Swamp:4  | Reached skill level 14 in Shields
 33349 | Swamp:4  | Reached XP level 17. HP: 31/109 MP: 27/27
 33858 | Swamp:4  | Got a decaying rune of Zot
 34087 | Snake:1  | Entered Level 1 of the Snake Pit
 34546 | Snake:1  | Noticed Donald
 34560 | Snake:1  | Killed Donald
 34560 | Snake:1  | Reached skill level 15 in Shields
 34781 | Snake:1  | Noticed Azrael
 34806 | Snake:1  | Killed Azrael
 34902 | Snake:1  | Noticed Agnes
 34920 | Snake:1  | Killed Agnes
 34920 | Snake:1  | Reached skill level 8 in Conjurations
 35372 | Snake:1  | Reached skill level 9 in Earth Magic
 35944 | Snake:2  | Reached skill level 8 in Spellcasting
 36201 | Snake:2  | Found a frozen archway.
 36313 | IceCv    | Entered an ice cave
 36418 | IceCv    | Reached skill level 9 in Conjurations
 36896 | IceCv    | Reached skill level 10 in Earth Magic
 36912 | IceCv    | Learned a level 5 spell: Bolt of Magma
 36945 | IceCv    | Reached skill level 1 in Fire Magic
 37040 | IceCv    | Reached skill level 2 in Fire Magic
 37190 | Snake:2  | Reached skill level 3 in Fire Magic
 37267 | Snake:2  | Learned a level 2 spell: Passwall
 37283 | Snake:2  | Reached skill level 4 in Fire Magic
 37329 | Snake:2  | Reached skill level 5 in Fire Magic
 37572 | Snake:2  | Identified a scroll of acquirement
 37682 | Snake:2  | Reached XP level 18. HP: 115/115 MP: 30/30
 37691 | Snake:2  | Reached skill level 6 in Fire Magic
 37953 | Snake:2  | Reached skill level 7 in Fire Magic
 38330 | Snake:3  | Learned a level 4 spell: Sticky Flame
 38334 | Snake:3  | Learned a level 3 spell: Conjure Flame
 38336 | Snake:3  | Noticed Aizul
 38352 | Snake:3  | Killed Aizul
 38410 | Snake:3  | Noticed MatthieuS's ghost (adept TrTm)
 38416 | Snake:3  | Reached skill level 8 in Fire Magic
 38858 | Snake:3  | Killed MatthieuS's ghost
 39268 | Snake:4  | Entered Level 4 of the Snake Pit
 39522 | Snake:4  | Reached skill level 9 in Spellcasting
 39799 | Snake:4  | Reached skill level 10 in Conjurations
 40220 | Snake:4  | Reached skill level 11 in Earth Magic
 41203 | Snake:4  | Reached skill level 10 in Spellcasting
 41220 | Snake:4  | Gained mutation: You are agile. (Dex +2) [evolution]
 41257 | Snake:4  | Got a serpentine rune of Zot
 41299 | Snake:4  | Reached skill level 11 in Conjurations
 41601 | D:8      | Bought a pair of ancient boots for 275 gold pieces
 41615 | D:8      | Identified the cursed -3 pair of boots of Foukyr {MR+} (You bought it in a shop on level 8 of the Dungeon)
 41633 | D:8      | Bought an embroidered cloak for 217 gold pieces
 41650 | D:8      | Bought a glowing helmet for 217 gold pieces
 41888 | Elf:1    | Learned a level 6 spell: Iron Shot
 41963 | Elf:1    | Reached skill level 12 in Earth Magic
 42145 | Elf:1    | Reached XP level 19. HP: 119/120 MP: 33/33
 42173 | Elf:1    | Noticed a Tzitzimitl
 42699 | Elf:2    | Found a portal to a secret trove of treasure.
 42807 | Elf:2    | Found Sieqi's Magic Scroll Shoppe.
 42816 | Elf:2    | Bought a scroll of blinking for 127 gold pieces
 42816 | Elf:2    | Bought a scroll of blinking for 127 gold pieces
 42949 | Elf:2    | Found a runed door.
 42980 | Elf:2    | Found a runed door.
 43244 | Elf:3    | Entered Level 3 of the Elven Halls
 43725 | Elf:3    | Identified the cursed +0 scale mail of Muttered Phrases {rC+++ MR- Dex+3 Slay+2} (You found it on level 3 of the Elven Halls)
 43755 | Elf:3    | Reached skill level 12 in Conjurations
 43950 | Elf:3    | Reached skill level 13 in Earth Magic
 44118 | Elf:3    | Reached skill level 11 in Spellcasting
 44860 | Elf:3    | Got a flickering bronze amulet
 44865 | Elf:3    | Identified the amulet of Spite {Reflect MR++ SH+2 Stlth+} (You took it off a deep elf annihilator on level 3 of the Elven Halls)
 45167 | Elf:3    | Noticed a Tzitzimitl
 45342 | Elf:3    | Noticed a Tzitzimitl
 45606 | Elf:3    | Identified the Collected Works on Floating Fire
 46134 | Vaults:1 | Entered Level 1 of the Vaults
 46185 | Vaults:1 | Reached skill level 13 in Conjurations
 46201 | Vaults:1 | Reached skill level 14 in Earth Magic
 46368 | Vaults:1 | Reached XP level 20. HP: 125/125 MP: 35/35
 46438 | Vaults:1 | Reached skill level 12 in Spellcasting
 46940 | Vaults:1 | Reached skill level 13 in Spellcasting
 47225 | Vaults:1 | Gained mutation: Your natural rate of healing is unusually fast. [evolution]
 47327 | Vaults:1 | Found Ydweledu's Jewellery Shoppe.
 48077 | Vaults:2 | Reached skill level 14 in Spellcasting
 48112 | Vaults:2 | Noticed Saint Roka
 48143 | Vaults:2 | Killed Saint Roka
 48440 | Vaults:2 | Noticed Boris
 48457 | Vaults:2 | Killed Boris
 48457 | Vaults:2 | Reached skill level 15 in Spellcasting
 48714 | Vaults:2 | Reached XP level 21. HP: 130/130 MP: 40/40
 49087 | Vaults:2 | Identified the Catalogue of Unstable Boosts
 49274 | Vaults:3 | Paralysed by a sphinx for 2 turns
 49321 | Vaults:3 | Reached skill level 16 in Spellcasting
 49553 | Vaults:3 | Identified a scroll of holy word
 49880 | Vaults:3 | Reached skill level 17 in Spellcasting
 50152 | Vaults:3 | Found a staircase to the Crypt.
 51699 | Vaults:4 | Reached skill level 18 in Spellcasting
 51800 | Vaults:4 | Reached XP level 22. HP: 102/136 MP: 15/44
 51978 | Vaults:4 | Reached skill level 19 in Spellcasting
 53095 | Depths:1 | Entered Level 1 of the Depths
 53100 | D:15     | Bought a pair of runed gloves for 300 gold pieces
 53127 | D:15     | Bought a scroll of enchant weapon for 217 gold pieces
 53434 | Depths:1 | Found a runed door.
 53569 | Depths:1 | Found a one-way gate to the infinite horrors of the Abyss.
 53729 | Depths:1 | Reached skill level 20 in Spellcasting
 53766 | Depths:1 | Found a gateway to Hell.
 53967 | Depths:1 | Noticed Jorgrun
 53982 | Depths:1 | Killed Jorgrun
 54514 | Depths:2 | HP: 4/136 [white very ugly thing (18)]
 54528 | Depths:2 | Paralysed by a great orb of eyes for 7 turns
 54543 | Depths:2 | Found a gateway to a ziggurat.
 54576 | Depths:2 | Found a magical portal.
 54625 | Depths:2 | Reached XP level 23. HP: 87/140 MP: 22/47
 54754 | Depths:1 | Lost mutation: You have sharp toenails. [evolution]
 54873 | Depths:2 | Reached skill level 21 in Spellcasting
 55443 | Depths:2 | Reached skill level 14 in Fighting
 56099 | Depths:2 | Reached skill level 11 in Armour
 56169 | Depths:3 | Found Gozag's Assorted Antiques.
 56173 | Depths:3 | Found Gozag's Assorted Antiques.
 56174 | Depths:3 | Noticed a golden dragon
 56785 | Depths:3 | Reached skill level 12 in Armour
 56885 | Depths:3 | Reached skill level 15 in Fighting
 56896 | Depths:3 | Found Gozag's Antique Weapon Shoppe.
 56896 | Depths:3 | Found an opulent altar of Gozag.
 56915 | Depths:3 | Killed a golden dragon
 57297 | Depths:3 | Paralysed by a great orb of eyes for 7 turns
 57568 | Depths:3 | Found a one-way gate leading to the halls of Pandemonium.
 58272 | Depths:4 | Reached skill level 13 in Armour
 58289 | Depths:4 | Found a flickering gateway to a bazaar.
 58300 | Bazaar   | Entered a bazaar
 58306 | Bazaar   | Found Largheif's Book Shop.
 58306 | Bazaar   | Found Engas's Jewellery Boutique.
 58321 | Bazaar   | Identified Raholi's Incunabulum of Venomous Beguiling
 58331 | Bazaar   | Bought a manual of Shields for 1214 gold pieces
 58505 | Depths:4 | Reached XP level 24. HP: 142/152 MP: 48/48
 58529 | Depths:4 | Reached skill level 16 in Shields
 59137 | Depths:4 | Reached skill level 17 in Shields
 59267 | Depths:5 | Entered Level 5 of the Depths
 59381 | Depths:5 | Reached skill level 18 in Shields
 59718 | Depths:5 | Reached skill level 19 in Shields
 59961 | Depths:5 | Noticed a juggernaut
 59971 | Depths:5 | Killed a juggernaut
 60014 | Depths:5 | Found a gate to the Realm of Zot.
 60030 | Depths:5 | Killed from afar by a fire dragon

Skill      XL: |  1  2  3  4  5  6  7  8  9 10 11 12 13 14 15 16 17 18 19 20 21 22 23 24 |
---------------+-------------------------------------------------------------------------+-----
Fighting       | 1 2 3 4 5 6 8 9 10 12 13 15 | 15.7
Maces & Flails | 1 2 3 4 6 8 10 11 13 14 16 | 16.8
Spellcasting   | 3 5 7 8 10 11 15 18 20 21 | 21.0
Armour         | 4 6 8 9 10 13 | 13.0
Dodging        | 3 4 |  4.0
Evocations     | 2 4 |  4.1
Conjurations   | 5 7 9 11 13 | 13.2
Earth Magic    | 5 8 10 12 14 | 14.2
Shields        | 7 14 15 19 | 19.7
Fire Magic     | 5 8 |  8.0
Stealth        | |  2.1
Necromancy     | |  3.2

Action                   |  1- 3 |  4- 6 |  7- 9 | 10-12 | 13-15 | 16-18 | 19-21 | 22-24 || total
-------------------------+-------+-------+-------+-------+-------+-------+-------+-------++-------
Melee: Unarmed           |     8 |       |    34 |       |       |       |       |       ||    42
       Club              |     9 |       |       |       |       |       |       |       ||     9
       Dagger            |    33 |   344 |   232 |    24 |       |       |       |       ||   633
       Whip              |     2 |    53 |    19 |       |       |       |       |       ||    74
       Dire flail        |       |       |   142 |   377 |       |       |       |       ||   519
       Mace              |       |       |    10 |   424 |       |       |       |       ||   434
       Morningstar       |       |       |       |   181 |  1168 |       |       |       ||  1349
       Eveningstar       |       |       |       |       |   311 |  1923 |  1796 |  1726 ||  5756
Throw: Throwing net      |       |       |       |     1 |       |       |       |       ||     1
 Cast: Pain              |    62 |     9 |     4 |     4 |       |       |       |       ||    79
       Stone Arrow       |       |       |       |       |       |    16 |    14 |    12 ||    42
       Bolt of Magma     |       |       |       |       |       |       |    15 |    18 ||    33
       Iron Shot         |       |       |       |       |       |       |       |    13 ||    13
       Conjure Flame     |       |       |       |       |       |       |       |     1 ||     1
Invok: Call Merchant     |       |       |       |     3 |     2 |     2 |       |     2 ||     9
       Potion Petition   |       |       |       |       |       |       |       |     1 ||     1
 Abil: Evoke Flight      |       |     1 |       |       |       |       |       |       ||     1
       Evoke Berserk Rag |       |       |       |       |     3 |     2 |     2 |     1 ||     8
       Fly               |       |       |       |       |       |     1 |       |       ||     1
       Stop Flying       |       |       |       |       |       |     1 |       |       ||     1
Evoke: Wand              |       |       |       |     6 |    17 |     7 |    11 |     1 ||    42
  Use: Scroll            |       |     1 |     8 |    13 |    16 |    13 |    10 |    14 ||    75
       Potion            |       |       |     4 |     1 |     4 |     5 |     2 |     7 ||    23
 Stab: Distracted        |       |     4 |     4 |     2 |     5 |     9 |    12 |    12 ||    48
       Sleeping          |       |       |     1 |     2 |       |       |     1 |       ||     4
       Petrified         |       |       |       |       |    31 |       |       |       ||    31
       Petrifying        |       |       |       |       |     5 |       |       |       ||     5
       Paralysed         |       |       |       |       |     2 |       |       |       ||     2
       Confused          |       |       |       |       |       |       |     5 |       ||     5
  Eat: Chunk             |     5 |     3 |       |       |       |       |       |       ||     8
       Ration            |       |     3 |     3 |     9 |    13 |    13 |    10 |     8 ||    59
Armor: Robe              |    23 |    32 |       |       |       |       |       |       ||    55
       Ring mail         |       |   102 |   101 |   148 |       |       |       |       ||   351
       Skin              |       |       |    27 |       |       |       |       |       ||    27
       Leather armour    |       |       |       |   105 |       |       |       |       ||   105
       Quicksilver drago |       |       |       |    26 |   513 |   677 |   441 |   590 ||  2247
Dodge: Dodged            |    40 |   200 |   279 |   648 |   915 |   842 |   539 |   662 ||  4125
Block: Other             |       |       |       |    56 |       |       |       |       ||    56
       Reflection        |       |       |       |     2 |       |       |       |       ||     2
       Shield            |       |       |       |       |    78 |  1164 |   877 |   978 ||  3097
